AoeStats
← harris

Fortress

509550074Analyzed
4v4 RM · 6d ago on Sep 27, 2026· 72m 57s· 8 players
Game mode
Random Map
Map size
Huge
Population
200
Speed
Normal
Resources
Standard
Victory
Conquest
Starting age
Dark Age
Ending age
Imperial Age
RankedLock teamsTeams togetherTeam positionsShared explorationLock speedFull tech treeHidden civsTurbo modeCheats
Victory
Defeat
🇺🇸 Wei · United States
1206
+15
🇺🇸 Italians · United States
1195
+16
🇺🇸 Celts · United States
1181
+16
🇺🇸 Goths · United States
1155
+17
🇵🇪 Teutons · Peru
1216
-17
1194
-16
🇮🇳 Spanish · India
1175
-16
🇺🇸 Persians · United States
1167
-15
AquilaMaximus
7:35 Feudal Age
11:27 Castle Age
9:27 Double-Bit Axe
9:32 Horse Collar
11:28 Loom
13:41 Bow Saw
15:34 Silk Road
18:00 Caravan
19:21 Forging
19:41 Fletching
20:57 Ballistics
21:06 Bodkin Arrow
21:29 Padded Archer Armor
22:33 Wheelbarrow
22:31 Fortified Wall
23:04 Coinage
25:36 Leather Archer Armor
26:13 Hand Cart
30:26 Imperial Age
28:09 Elite Skirmisher
29:38 Thumb Ring
31:31 Conscription
32:11 Banking
33:08 Ring Archer Armor
33:29 Bracer
36:37 Chemistry
37:49 Guilds
39:22 Heavy Plow
40:26 Two-Man Saw
39:32 Stone Mining
39:42 Elite Genoese Crossbowman
41:23 Murder Holes
44:47 Hoardings
45:06 Crop Rotation
47:34 Pirotechnia
47:37 Masonry
47:07 Treadmill Crane
62:34 Crossbowman
63:08 Arbalester
67:40 Iron Casting
67:06 Scale Mail Armor
70:10 Architecture
70:02 Chain Mail Armor
70:47 Blast Furnace
69:14 Pikeman
69:54 Squires
73:44 Plate Mail Armor
FullmetalZimm
8:19 Feudal Age
9:30 Double-Bit Axe
12:18 Castle Age
10:39 Horse Collar
10:56 Gold Mining
12:09 Stone Mining
19:56 Wheelbarrow
20:54 Loom
21:48 Hand Cart
22:35 Bow Saw
22:26 Heavy Plow
23:08 Town Watch
24:11 Gold Shaft Mining
24:11 Stone Shaft Mining
25:08 Tuntian
26:31 Fletching
26:41 Padded Archer Armor
26:47 Scale Barding Armor
26:53 Forging
28:41 Thumb Ring
29:07 Chain Barding Armor
29:23 Iron Casting
33:07 Bodkin Arrow
33:13 Padded Archer Armor
35:51 Imperial Age
35:26 Masonry
34:56 Treadmill Crane
35:28 Fortified Wall
37:04 Bracer
37:19 Leather Archer Armor
38:05 Blast Furnace
37:39 Parthian Tactics
36:36 Elite Tiger Cavalry
37:36 Conscription
37:42 Ming Guang Armor
37:53 Hoardings
38:05 Coinage
37:36 Caravan
41:14 Chemistry
44:57 Ballistics
56:50 Ring Archer Armor
kingKIRK
7:23 Feudal Age
11:11 Castle Age
9:28 Double-Bit Axe
9:31 Horse Collar
15:06 Bow Saw
16:16 Loom
23:33 Wheelbarrow
26:47 Imperial Age
25:15 Hand Cart
25:28 Squires
25:33 Scale Mail Armor
25:58 Anarchy
30:52 Perfusion
31:32 Chain Mail Armor
32:09 Conscription
33:46 Gold Mining
36:05 Elite Huskarl
36:59 Pikeman
37:15 Halberdier
49:19 Man-at-Arms
50:12 Forging
50:14 Long Swordsman
51:32 Iron Casting
50:29 Two-Handed Swordsman
51:45 Champion
53:31 Blast Furnace
Solaire (Praise the Sun)
7:52 Feudal Age
7:24 Loom
12:35 Castle Age
12:07 Double-Bit Axe
12:15 Gold Mining
12:09 Horse Collar
13:36 Wheelbarrow
26:21 Pikeman
28:57 Scale Mail Armor
29:07 Forging
31:39 Imperial Age
31:54 Chain Mail Armor
34:12 Capped Ram
35:59 Siege Ram
37:14 Halberdier
39:08 Plate Mail Armor
39:15 Iron Casting
48:47 Blast Furnace
52:06 Conscription
65:12 Arson
harris
6:23 Feudal Age
10:29 Castle Age
8:50 Double-Bit Axe
9:17 Horse Collar
11:41 Bow Saw
12:40 Heavy Plow
16:18 Wheelbarrow
18:08 Hand Cart
18:11 Gold Mining
20:02 Gold Shaft Mining
20:52 Scale Barding Armor
24:11 Chain Barding Armor
24:03 Forging
26:54 Imperial Age
29:03 Husbandry
29:14 Bloodlines
28:24 Cavalier
29:42 Guilds
30:09 Plate Barding Armor
30:10 Iron Casting
30:38 Two-Man Saw
30:11 Crop Rotation
30:23 Conscription
30:19 Kamandaran
31:14 Savar
33:20 Blast Furnace
36:08 Chemistry
35:29 Ballistics
35:14 Stone Mining
36:37 Fletching
36:48 Padded Archer Armor
36:42 Crossbowman
37:27 Thumb Ring
37:35 Bodkin Arrow
38:33 Stone Shaft Mining
53:48 Leather Archer Armor
Bandido
3:01 Loom
7:38 Feudal Age
9:59 Scale Mail Armor
10:15 Double-Bit Axe
11:25 Wheelbarrow
13:04 Gold Mining
14:37 Fletching
18:12 Castle Age
16:38 Scale Barding Armor
16:56 Man-at-Arms
18:23 Long Swordsman
19:20 Chain Mail Armor
23:50 Chain Mail Armor
24:29 Padded Archer Armor
28:47 Hand Cart
29:21 Forging
32:54 Leather Archer Armor
32:35 Bodkin Arrow
35:03 Chain Barding Armor
35:07 Ballistics
34:58 Fortified Wall
39:05 Imperial Age
38:27 Town Watch
40:18 Conscription
40:29 Plate Mail Armor
40:56 Elite Teutonic Knight
46:28 Town Patrol
46:51 Ironclad
47:07 Hoardings
47:06 Onager
50:56 Two-Handed Swordsman
51:22 Gambesons
51:38 Squires
50:58 Pikeman
52:16 Plate Barding Armor
52:17 Iron Casting
51:59 Cavalier
52:50 Bloodlines
59:35 Champion
59:36 Halberdier
63:50 Elite Skirmisher
67:36 Crenellations
70:14 Ring Archer Armor
我愛吃櫻桃芋泥蛋糕
8:39 Feudal Age
8:04 Loom
9:50 Double-Bit Axe
12:35 Castle Age
10:29 Horse Collar
11:40 Gold Mining
14:00 Bow Saw
14:34 Wheelbarrow
18:14 Town Watch
20:55 Stone Mining
21:34 Fletching
22:25 Hand Cart
22:36 Bodkin Arrow
22:42 Padded Archer Armor
23:38 Heavy Plow
24:02 Ballistics
27:56 Imperial Age
27:02 Leather Archer Armor
26:51 Scale Mail Armor
28:47 Bracer
29:18 Ring Archer Armor
30:01 Chemistry
29:34 Conscription
29:43 Forging
29:49 Chain Mail Armor
30:11 Elite Longbowman
33:12 Yeomen
33:22 Light Cavalry
34:02 Husbandry
35:30 Plate Mail Armor
35:36 Iron Casting
34:24 Pikeman
35:05 Squires
34:50 Arson
37:23 Coinage
37:41 Masonry
37:37 Siege Engineers
37:52 Halberdier
38:00 Crossbowman
40:00 Blast Furnace
39:51 Warwolf
40:30 Scale Barding Armor
39:55 Man-at-Arms
40:21 Gambesons
42:26 Two-Man Saw
42:00 Banking
41:40 Long Swordsman
42:11 Two-Handed Swordsman
42:58 Champion
44:47 Treadmill Crane
45:03 Murder Holes
45:19 Fortified Wall
49:52 Chain Barding Armor
52:21 Guilds
52:15 Capped Ram
MAND_Dã quỳ
8:47 Feudal Age
9:46 Double-Bit Axe
12:27 Castle Age
10:44 Padded Archer Armor
11:10 Gold Mining
11:11 Horse Collar
22:33 Imperial Age
19:50 Loom
22:33 Loom
23:24 Wheelbarrow
26:12 Chemistry
26:16 Ballistics
27:12 Leather Archer Armor
31:40 Conscription
30:41 Elite Conquistador
32:30 Scale Barding Armor
32:36 Forging
33:19 Conscription
32:21 Cavalier
33:03 Husbandry
33:15 Bloodlines
33:35 Chain Barding Armor
33:27 Bow Saw
33:18 Heavy Plow
33:50 Paladin
34:44 Bloodlines
35:12 Iron Casting
35:48 Hand Cart
36:10 Plate Barding Armor
37:21 Blast Furnace
Connection lost

Rejoining the realm…

Still unreachable

The connection could not be restored.

Session expired

The server has moved on; the page needs a fresh start.